 Dungeon Crawl Stone Soup version 0.30-a0-883-g5ad918d77d (webtiles) character file.

Game seed: 11311648353922923943

49 Pimp the Sneak (level 3, -3/21 HPs)
             Began as an Octopode Fire Elementalist on Mar 17, 2023.
             Slain by Crazy Yiuf
             ... wielding a +3 quarterstaff of chaos
              (6 damage)
             ... on level 2 of the Dungeon.
             The game lasted 00:03:29 (1268 turns).

Pimp the Sneak (Octopode Fire Elementalist)         Turns: 1268, Time: 00:03:29

Health: -3/21      AC:  1    Str:  7    XL:     3   Next: 77%
Magic:  4/6        EV: 13    Int: 19    God:
Gold:   74         SH:  0    Dex: 12    Spells: 0/6 levels left

rFire   . . .      SeeInvis .    d - +2 spear (heavy)
rCold   . . .      Faith    .    (no shield)
rNeg    . . .      Spirit   .    (helmet restricted)
rPois   .          Reflect  .    (no amulet)
rElec   .          Rampage  .    (no ring)
rCorr   .                        (no ring)
Will    .....                    (no ring)
Stlth   +++                      (no ring)
HPRegen 0.23/turn                (no ring)
MPRegen 0.10/turn                (no ring)
                                 (no ring)
                                 (no ring)

@: very slightly contaminated
A: almost no armour, amphibious, 8 rings, camouflage 1, gelatinous body 1,
(nimble swimmer 1), tentacles
a: no special abilities


You were on level 2 of the Dungeon.
You visited 1 branch of the dungeon, and saw 2 of its levels.

You collected 74 gold pieces.

Inventory:

Hand Weapons
 b - a +0 mace
 c - a +0 dagger
 d - a +2 heavy spear (weapon)
Scrolls
 e - 2 scrolls of immolation {unknown}
 g - a scroll of blinking {unknown}
 h - a scroll of identify {unknown}
Potions
 a - a potion of magic
 f - a potion of attraction {unknown}


   Skills:
 + Level 0.0 Fighting
 + Level 0.0 Polearms
 + Level 2.4 Dodging
 + Level 3.4 Stealth
 + Level 2.3 Spellcasting
 + Level 1.8 Conjurations
 + Level 3.3 Fire Magic


You couldn't memorise any spells.
You knew the following spells:

 Your Spells              Type           Power      Damage    Failure   Level
a - Foxfire               Conj/Fire      48%        2x1d6     5%          1
b - Scorch                Fire           28%        2d6       6%          2
c - Inner Flame           Hex/Fire       8%         N/A       24%         3

Your spell library contained the following spells:

 Spells                   Type           Power      Damage    Failure   Level
 Kindle Blastsparks       Fire/Tloc/Air  12%        2d11      30%         3
 Flame Wave               Conj/Fire      12%        2d6       50%         4


Dungeon Overview and Level Annotations

Branches:
Dungeon (2/15)

Altars:

Shops:
D:2 ?

Annotations:
D:2 Crazy Yiuf


Innate Abilities, Weirdness & Mutations

You cannot wear most types of armour.
You are amphibious.
You can wear up to eight rings at the same time.
Your skin changes colour to match your surroundings (Stealth+).
Your rubbery body absorbs attacks. (AC +1, EV +1)
((You are camouflaged when in or above water. (Stealth+)))
You have tentacles for arms and can constrict up to eight enemies at once.


Message History

The goblin moves out of view.
A frilled lizard comes into view.
There is an open door here.
The helpless frilled lizard fails to defend itself.
You puncture the frilled lizard!
You kill the frilled lizard!
You see here a frilled lizard corpse.
h - a scroll labelled DIULIB HASK You see here a +0 whip.
You see here a +0 whip.
As you open the door, it creaks loudly!
You hear an angry hiss.
Found a hammer.
Found a runed translucent door.
You open the door.
Crazy Yiuf shouts!
There is an open translucent door here.
Reach: d) +2 spear (heavy)
Press: ? - help, Dir - move target, f - Crazy Yiuf
Aim: Crazy Yiuf, wielding a +3 quarterstaff of chaos and wearing a +2 cloak (about 35% to evade your +2 heavy spear)
You reach to attack!
You barely miss Crazy Yiuf. Crazy Yiuf barely misses you.
Casting: Foxfire (safe; 5% risk of failure)
Confirm with . or Enter, or press ? or * to list all spells.
You conjure some foxfire!
Crazy Yiuf hits you with a +3 quarterstaff of chaos.
Your foxfire dissipates!
The foxfire hits Crazy Yiuf but does no damage.
You barely miss Crazy Yiuf. You grab Crazy Yiuf. You constrict Crazy Yiuf.
Crazy Yiuf misses you.
Casting: Foxfire (safe; 5% risk of failure)
Confirm with . or Enter, or press ? or * to list all spells.
You miscast Foxfire.
You are very lightly contaminated with residual magic.
Nothing appears to happen.
You constrict Crazy Yiuf.
Crazy Yiuf hits you with a +3 quarterstaff of chaos.
You release your grip on Crazy Yiuf.
Crazy Yiuf attacks as you move away!
Crazy Yiuf hits you with a +3 quarterstaff of chaos!
Ouch! That really hurt!
* * * LOW HITPOINT WARNING * * *
Crazy Yiuf burns you.
You die...

.##......(....###.....#.......<#.
.##...........+.............#....
.##...........#..........##.##'##
.......#.....<....##.#.... ####
#########).+..+.... #..##.#....
♣♣♣♣♣##..##...... ####
♣♣♣.♣......#######.
#...#♣g@♣.......####....
#...'.♣♣♣♣......'.....#. #)..#♣♣
♣♣.....#######. ### ####
♣♣##........#. ... #.###....#. ..
#...#....#. ####.# #####
#.#.#....#. #.....######.#.#
#.#.#....#. #.........†#.#
#.#......#.


You could see Crazy Yiuf.

Vanquished Creatures
  An adder (D:2)
  2 dart slugs
  5 bats (D:1)
  4 endoplasms
  3 giant cockroaches (D:1)
  A goblin (D:1)
  3 hobgoblins
  2 quokkas
  4 ball pythons
  2 frilled lizards
  6 kobolds
  A rat (D:1)
34 creatures vanquished.

Vanquished Creatures (others)
  8 foxfires
8 creatures vanquished.

Grand Total: 42 creatures vanquished

Notes
Turn   | Place    | Note
-------+----------+-------------------------------------------
     0 | D:1      | Pimp the Octopode Fire Elementalist began the quest for the
                  | Orb.
     0 | D:1      | Reached XP level 1. HP: 11/11 MP: 3/3
   123 | D:1      | Reached XP level 2. HP: 12/17 MP: 5/5
   615 | D:1      | Reached XP level 3. HP: 21/21 MP: 6/6
   855 | D:2      | Learned a level 2 spell: Scorch
   859 | D:2      | Learned a level 3 spell: Inner Flame
   868 | D:2      | Found Yruutiax's Magic Scroll Boutique.
  1255 | D:2      | Found a runed translucent door.
  1256 | D:2      | Noticed Crazy Yiuf
  1268 | D:2      | Slain by Crazy Yiuf

Illustrated notes

Levels and vault maps discovered:
D:1:      minmay_arrival_four_houses, layout_rooms,
          chequers_serial_rivers_small_b
D:2:      cheibrodos_greedy_goblins, layout_basic, serial_shops, shop_fountains,
          uniq_crazy_yiuf_cottage

Skill      XL: |  1  2 |
---------------+-------+-----
Stealth        | 3 |  3.4
Dodging        | |  2.4
Spellcasting   | |  2.3
Conjurations   | |  1.8
Fire Magic     | |  3.3

Action                     || total
---------------------------++-------
  Melee: Unarmed           ||    13
         Mace              ||    25
         Tentacles         ||    15
         Constrict         ||    18
         Punch             ||     1
         Spear             ||    25
   Cast: Foxfire           ||     6
    Use: Scroll            ||     4
   Stab: Sleeping          ||     8
         Distracted        ||     1
 Armour: Skin              ||    16
  Dodge: Dodged            ||    58

Table legend: (Time is in decaauts)
 A = Elapsed time spent in this place.
 B = Non-inter-level travel time spent in this place.
 C = Inter-level travel time spent in this place.
 D = Time resting spent in this place.
 E = Time spent auto-exploring this place.
 F = Levels seen in this place.
 G = Mean time per level.
                   A        B        C        D        E       F      G
               +--------+--------+--------+--------+--------+-----+--------+
         Total |   1292 |   1282 |     10 |    334 |    623 |   2 |  646.0 |
       Dungeon |   1292 |   1282 |     10 |    334 |    623 |   2 |  646.0 |
               +--------+--------+--------+--------+--------+-----+--------+

Top non-repeatable levels by time:
     D:1: 817 daAuts
     D:2: 474 daAuts
